 Seeded DCSS version 0.30.1-4-g462c640d31 (webtiles) character file.

Game seed: 6351066067085065685 (custom seed)

97 Esekla the Magician (level 4, 0/23 (24) HPs)
             Began as a Deep Elf Wanderer on Sept 10, 2023.
             Was a Follower of Vehumet.
             Slain by a black bear (5 damage)
             ... on level 2 of the Dungeon.
             The game lasted 00:16:33 (2131 turns).

Esekla the Magician (Deep Elf Wanderer)             Turns: 2131, Time: 00:16:34

HP:   0/23 (24)     AC:  3    Str: 11    XL:     4   Next: 42%
MP:   1/13          EV: 11    Int: 20    God:    Vehumet [*.....]
Gold: 183           SH:  3    Dex: 11    Spells: 2/13 levels left

rFire   . . .        a - +1 short sword (freeze)
rCold   . . .        d - +0 buckler
rNeg    . . .        c - +0 robe
rPois   .            (no helmet)
rElec   .            (no cloak)
rCorr   .            j - +0 pair of gloves
SInv    .            (no boots)
Will    .....        (no amulet)
Stlth   ++           (no ring)
HPRegen 0.23/turn    (no ring)
MPRegen 0.13/turn

%: no passive effects
@: very slightly contaminated, lightly drained
A: no striking features
a: Renounce Religion


You were on level 2 of the Dungeon.
You worshipped Vehumet.
Vehumet was aware of your devotion.
You visited 1 branch of the dungeon, and saw 4 of its levels.

You collected 183 gold pieces.

Inventory:

Hand Weapons
 a - a +1 short sword of freezing (weapon)
 r - a +0 spear
 s - the +5 rapier of the Hero {heavy, rN+ Dex+3}
   (You found it on level 3 of the Dungeon)

   Dex:       It affects your dexterity (+3).
   rN:        It protects you from negative energy.
Missiles
 v - 6 poisoned darts (quivered)
Armour
 c - a +0 robe (worn)
 d - a +0 buckler (worn)
 j - a +0 pair of gloves (worn)
 k - a +0 helmet
Wands
 p - a wand of roots (9)
Scrolls
 g - 3 scrolls of identify {unknown}
 m - a scroll of enchant armour {unknown}
 n - a scroll of amnesia {unknown}
 o - a scroll of immolation {unknown}
 u - a scroll of fog {unknown}
 w - a scroll of blinking {unknown}
Potions
 b - a potion of lignification
 e - a potion of ambrosia {unknown}
 f - 2 potions of attraction {unknown}
 h - a potion of heal wounds {unknown}
 i - 2 potions of curing {unknown}
 l - a potion of mutation {unknown}
 q - a potion of haste {unknown}
 t - 2 potions of brilliance {unknown}


   Skills:
 + Level 0.8 Short Blades
 * Level 2.4 Dodging
 + Level 1.4 Stealth
 + Level 1.5 Shields
 * Level 5.2 Spellcasting
 + Level 1.4 Conjurations
 * Level 1.9 Necromancy
 + Level 2.3 Translocations
 + Level 1.0 Invocations


You had 2 spell levels left.
You knew the following spells:

 Your Spells              Type           Power      Damage    Failure   Level
a - Magic Dart            Conj           44%        1d5       9%          1
b - Blink                 Tloc           28%        N/A       10%         2
c - Freeze                Ice            20%        1d4       17%         1
d - Vampiric Draining     Necr           12%        2d6       22%         3
p - Apportation           Tloc           28%        N/A       6%          1
t - Teleport Other        Tloc           14%        N/A       19%         3

Your spell library contained the following spells:

 Spells                   Type           Power      Damage    Failure   Level
 Lesser Beckoning         Tloc           28%        N/A       10%         2
 Gell's Gravitas          Tloc           14%        N/A       19%         3
 Ignite Poison            Fire/Tmut/Pois 5%         N/A       45%         3


Dungeon Overview and Level Annotations

Branches:
Dungeon (4/15)
 Temple: D:4-7

Altars:
Okawaru
Vehumet
Zin

Shops:
D:2 =


Message History

Press: ? - help, Shift-Dir - straight line, f/p - gnoll
Aim: a gnoll, wielding a +0 club (almost dead)
You miscast Vampiric Draining.
Flickering shadows surround you!
You feel drained.
* * * LOW HITPOINT WARNING * * *
The gnoll hits you but does no damage.
Casting: Vampiric Draining (extremely dangerous; 22% risk of failure)
Confirm with . or Enter, or press ? or * to list all spells.
The spell is extremely dangerous to miscast (22% risk of failure)!
Continue anyway?
Aiming: Vampiric Draining (extremely dangerous; 22% risk of failure)
Press: ? - help, Shift-Dir - straight line, f/p - gnoll
Aim: a gnoll, wielding a +0 club (almost dead)
You draw life force from the gnoll.
You kill the gnoll!
Vehumet accepts your kill.
You feel life coursing into your body.
Casting: Vampiric Draining (extremely dangerous; 22% risk of failure)
Confirm with . or Enter, or press ? or * to list all spells.
The spell is extremely dangerous to miscast (22% risk of failure)!
Continue anyway?
Aiming: Vampiric Draining (extremely dangerous; 22% risk of failure)
Press: ? - help, Shift-Dir - straight line, f - black bear
Aim: a black bear You draw life force from the black bear!
You feel life coursing into your body. The black bear bites you.
* * * LOW HITPOINT WARNING * * *
You block the black bear's attack.
The black bear claws you but does no damage.
Casting: Vampiric Draining (extremely dangerous; 22% risk of failure)
Confirm with . or Enter, or press ? or * to list all spells.
You don't have enough magic to cast this spell.
You barely miss the black bear.
The black bear is moderately wounded.
The black bear bites you but does no damage.
The black bear barely misses you. The black bear completely misses you.
Okay, then.
Okay, then.
Okay, then.
The black bear attacks as you move away!
The black bear bites you.
You die...

#.........
.g..........#
##########
g#...####..#
.##........#
(##..#####.#
.##..#####.##
######.##<.........
#..gg..##........).
#h####.##.######.#.
#.@.....#..........
####.#####.########.#.
#....#8.8#.h..# #.#.
#.8###...###8.#####.#†
#..'..._...+........#.
#.8###...###8.#.#####.
#....#8.8#......# #.
##...#####.....## #.
##.........#### #.


You could see a black bear.

Vanquished Creatures
  An iguana (D:2)
  A gnoll (D:2)
  2 adders (D:2)
  A dart slug (D:1)
  4 endoplasms
  8 goblins
  4 hobgoblins
  A quokka (D:1)
  6 ball pythons
  4 bats
  4 frilled lizards
  5 kobolds
  A rat (D:2)
42 creatures vanquished.

Notes
Turn   | Place    | Note
-------+----------+-------------------------------------------
     0 | D:1      | Esekla the Deep Elf Wanderer began the quest for the Orb.
     0 | D:1      | Esekla set off with the following items: a +0 club, a
                  | potion of lignification, a +0 robe, a +0 buckler; and the
                  | following spells available to memorise: Apportation, Blink,
                  | Lesser Beckoning, Magic Dart, Ignite Poison, Vampiric
                  | Draining.
     0 | D:1      | Reached XP level 1. HP: 10/10 MP: 7/7
     2 | D:1      | Learned a level 1 spell: Magic Dart
     4 | D:1      | Learned a level 1 spell: Apportation
   346 | D:4      | Found a radiant altar of Vehumet.
   357 | D:4      | Found an iron altar of Okawaru.
   368 | D:4      | Found a glowing silver altar of Zin.
   445 | D:4      | Became a worshipper of Vehumet
   563 | D:3      | Reached skill level 1 in Necromancy
   616 | D:3      | Reached XP level 2. HP: 15/15 MP: 5/9
   621 | D:3      | Learned a level 2 spell: Blink
   928 | D:3      | Identified the +5 rapier of the Hero {heavy, rN+ Dex+3}
   945 | D:2      | Found Renulab's Jewellery Shop.
  1180 | D:2      | Reached skill level 5 in Spellcasting
  1277 | D:2      | Noticed a black bear
  1312 | D:1      | Reached XP level 3. HP: 8/19 MP: 11/11
  1316 | D:1      | Learned a level 3 spell: Vampiric Draining
  1397 | D:1      | Reached * piety under Vehumet
  1397 | D:1      | Offered knowledge of Freeze by Vehumet.
  1415 | D:1      | Learned a level 1 spell: Freeze
  1659 | D:1      | Learned a level 3 spell: Teleport Other
  1800 | D:2      | Reached skill level 1 in Conjurations
  2000 | D:2      | Reached XP level 4. HP: 16/24 MP: 0/13
  2020 | D:2      | Found a faded altar of an unknown god.
  2131 | D:2      | Slain by a black bear

Illustrated notes

Levels and vault maps discovered:
D:1:      sevenhm_arrival_forest_fort_small_3, layout_rooms,
          chequers_serial_rivers_room_b, minmay_misc_feat_five
D:2:      layout_loops_ring, dreamdust_ecumenical_altar_angels_and_demons,
          serial_shops, shop
D:3:      layout_basic, grunt_temple_overflow_open, minmay_misc_feat_iff
D:4:      layout_basic, nicolae_overflow_quartered_altars, serial_shops,
          nicolae_diamond_shop

Skill      XL: |  1  2  3 |
---------------+----------+-----
Necromancy     | 1 |  1.9
Spellcasting   | 5 |  5.2
Conjurations   | 1 |  1.4
Dodging        | 2 |  2.4
Short Blades   | |  0.8
Stealth        | |  1.4
Shields        | |  1.5
Translocations | |  2.3
Invocations    | |  1.0

Action                     |  1- 3 |  4- 6 || total
---------------------------+-------+-------++-------
  Melee: Short sword       |    67 |     7 ||    74
  Throw: Dart              |       |     3 ||     3
   Cast: Apportation       |    20 |       ||    20
         Magic Dart        |    59 |       ||    59
         Vampiric Draining |     1 |     2 ||     3
    Use: Scroll            |     1 |       ||     1
   Stab: Sleeping          |     2 |       ||     2
 Armour: Robe              |    21 |     3 ||    24
  Dodge: Dodged            |    55 |     8 ||    63
  Block: Buckler           |    13 |     1 ||    14
